Map: Ley Lines

Players

Applepi - Winner!

  • Race: Zerg Zerg
  • League: Silver
  • Spawn Location: 7:00

МИШКА

  • Race: Terran Terran
  • League: Silver
  • Spawn Location: 1:00

VOD

Have the link to the VOD?

Description

Time

  • Played on: May 12, 2025, 2:33 p.m.
  • Length: 8:19
Show
View Real Time Build Order
Export as new Build Order

Applepi Zerg - Winner!

Build Orders: Pool First 

Get SALT Encoding   

  12  0:04  Drone  
  13  0:14  Drone  
  14  0:17  Overlord  
  14  0:36  Drone  
  14  0:39  Drone x2  
  17  0:47  Extractor  
  17  0:49  Drone  
  17  0:53  Spawning Pool  
  16  1:01  Drone  
  17  1:14  Hatchery  
  16  1:19  Drone  
  16  1:22  Drone  
  18  1:30  Drone  
  19  1:40  Queen  
  19  1:43  Zergling x2  
  22  2:01  Overlord  
  22  2:19  Queen  
  22  2:22  Drone x2  
  26  2:29  Drone x2  
  28  2:34  Queen  
  28  2:36  Drone  
  31  2:40  Drone  
  32  2:47  Overlord  
  32  2:50  Drone  
  33  3:00  Overlord x2  
  33  3:05  Drone x3  
  36  3:09  Queen  
  36  3:11  Lair  
  38  3:19  Evolution Chamber  
  37  3:26  Roach Warren  
  36  3:33  Drone x2  
  38  3:45  Drone x2  
  38  3:46  Drone  
  38  3:48  Extractor  
  40  3:49  Zerg Missile Weapons Level 1  
  40  4:02  Drone x3  
  43  4:06  Metabolic Boost  
  43  4:19  Roach  
  45  4:30  Roach x2  
  49  4:38  Zergling x8  
  53  4:39  Zergling x4  
  53  4:42  Overlord x2  
  55  4:54  Zergling x2  
  55  4:55  Zergling x8  
  60  5:03  Roach x3  
  60  5:04  Roach  
  60  5:05  Roach x2  
  72  5:08  Roach  
  74  5:16  Roach  
  74  5:20  Overlord x2  
  76  5:29  Glial Reconstitution  
  76  5:40  Drone x3  
  76  5:41  Drone  
  82  5:42  Roach  
  82  5:43  Roach, Zerg Melee Weapons Level 1  
  82  5:49  Roach  
  90  5:50  Roach x2  
  90  5:51  Zergling x2  
  90  5:52  Overlord x2  
  91  6:12  Zergling x4  
  91  6:13  Zergling x6  
  96  6:20  Roach x3  
  102  6:36  Overlord x2  
  102  6:43  Roach x4  
  100  6:51  Drone x2  
  99  6:58  Roach x5  
  109  7:07  Roach  
  107  7:13  Roach x2  
  103  7:17  Hatchery  
  92  7:23  Roach x5  
  92  7:24  Roach  
  94  7:34  Roach  
  94  7:35  Roach  
  93  7:47  Roach x3  
  93  7:48  Zergling x8  
  97  7:56  Roach x2  
  95  8:01  Zergling x2  
Show
View Real Time Build Order
Export as new Build Order

МИШКА Terran 

Build Orders:  

Get SALT Encoding   

  12  0:00  SCV  
  13  0:15  Supply Depot  
  13  0:18  SCV  
  14  0:31  SCV  
  14  0:32  Supply Depot  
  15  0:43  SCV  
  16  0:51  Barracks  
  16  0:55  SCV  
  17  1:02  Refinery  
  17  1:07  SCV  
  18  1:18  Refinery  
  18  1:19  SCV  
  19  1:31  SCV  
  20  1:43  Engineering Bay, SCV  
  21  1:52  Barracks Tech Lab  
  21  1:55  SCV  
  21  1:58  Barracks  
  22  2:07  SCV  
  23  2:11  Factory  
  23  2:15  Marine  
  24  2:19  SCV  
  25  2:32  SCV, Missile Turret  
  25  2:33  Marine  
  27  2:49  Barracks Reactor  
  27  3:05  Command Center  
  27  3:06  SCV  
  28  3:22  Starport  
  28  3:23  Barracks Tech Lab  
  28  3:27  Siege Tank  
  31  3:36  Orbital Command  
  31  3:51  Supply Depot  
  31  3:55  Stimpack  
  31  4:14  Siege Tank  
  31  4:16  Barracks Reactor  
  34  4:17  Viking  
  34  4:20  Viking  
  38  4:28  SCV  
  39  4:40  SCV  
  40  4:50  Supply Depot  
  40  4:52  SCV, Viking  
  41  4:53  Viking  
  41  4:58  Marine x2  
  47  5:04  SCV  
  48  5:09  Terran Infantry Weapons Level 1  
  48  5:20  Refinery, SCV  
  49  5:27  Refinery  
  49  5:33  SCV  
  49  5:35  Supply Depot  
  50  5:40  SCV  
  50  5:41  Engineering Bay  
  51  5:44  Concussive Shells  
  51  5:48  Marine x2, Marauder  
  55  5:52  SCV  
  55  5:55  Siege Tank  
  59  6:05  Planetary Fortress  
  59  6:08  SCV  
  60  6:15  Supply Depot  
  60  6:20  Viking  
  62  6:30  Armory  
  62  6:32  Hi-Sec Auto Tracking  
  59  6:52  Siege Tank  
Tags
 
Matchup
TvZ
Opening
Pool First
Spawn Locations
Cross Positions
Add a new tag
Caveats
  • Supply blocks, unpowered buildings, or Contaminate may cause inaccurate times.
  • Supply counts are checked every 10 seconds.